 Dungeon Crawl Stone Soup version 0.17-a0-1570-g74b7129 (webtiles) character file.

1442 urechis the Grappler (level 8, -2/81 HPs)
             Began as a Troll Monk on July 23, 2015.
             Slain by a wight
             ... wielding a cursed +1 scimitar
              (16 damage)
             ... on level 6 of the Dungeon.
             The game lasted 00:11:38 (4187 turns).

urechis the Grappler (Troll Monk)                   Turns: 4187, Time: 00:11:38

Health: -2/81      AC:  5    Str: 26    XL:     8   Next: 46%
Magic:  7/7        EV: 10    Int:  6    God:
Gold:   336        SH:  0    Dex: 12    Spells: 0 memorised, 7 levels left

rFire  . . .     SeeInvis .       - Unarmed
rCold  + . .     Clarity  .     F - +0 robe "Coriomal" {Str+4} (curse)
rNeg   . . .     SustAt   .     (no shield)
rPois  .         Gourm    +     (helmet restricted)
rElec  .         Spirit   .     (no cloak)
rCorr  .         Warding  .     (gloves unavailable)
rMut   .         Stasis   .     (boots unavailable)
MR     .....                    (no amulet)
Stlth  +.........               (no ring)
                                d - ring of protection from cold

@: drained, not resistant to hostile enchantments, very unstealthy
A: unfitting armour, claws 3, fast metabolism 3, gourmand, regeneration 2,
shaggy fur 1, tough skin 2
a: no special abilities


You were on level 6 of the Dungeon.
You were very full.

You visited 1 branch of the dungeon, and saw 6 of its levels.
You also visited: Sewer.

You collected 336 gold pieces.

Inventory:

Hand weapons
 a - a +0 blowgun
Missiles
 k - 39 poisoned needles
 u - 9 tomahawks (quivered)
 y - 7 large rocks
Armour
 B - a +0 large shield
 F - the cursed +0 robe "Coriomal" (worn) {Str+4}
   (You found it on level 6 of the Dungeon)

   It affects your strength (+4).
   It has a curse placed upon it.
Jewellery
 d - a ring of protection from cold (left claw)
Magical devices
 h - a wand of confusion (21)
Scrolls
 c - 6 scrolls of remove curse {unknown}
 i - 4 scrolls of magic mapping {unknown}
 j - 4 scrolls of identify {unknown}
 m - 2 scrolls of recharging {unknown}
 n - a scroll of teleportation {unknown}
 p - 2 scrolls of amnesia {unknown}
 q - 3 scrolls of fog {unknown}
 s - 4 scrolls of fear {unknown}
 E - a scroll of enchant weapon {unknown}
Potions
 e - a potion of flight {unknown}
 g - a potion of mutation {unknown}
 l - 5 potions of curing {unknown}
 o - 5 potions of agility {unknown}
 t - 3 potions of degeneration {unknown}
 w - a potion of poison {unknown}
 x - a potion of lignification {unknown}
 A - a potion of resistance {unknown}
 C - 2 potions of cancellation {unknown}
 G - 2 potions of cure mutation {unknown}
Books
 r - a book of Minor Magic

   Spells                             Type                      Level
   a - Magic Dart                     Conjuration                  1
   b - Blink                          Translocation                2
   c - Call Imp                       Summoning                    2
   d - Repel Missiles                 Charms/Air                   2
   e - Slow                           Hexes                        2
   f - Conjure Flame                  Conjuration/Fire             3
   g - Mephitic Cloud                 Conjuration/Poison/Air       3
Comestibles
 b - 10 bread rations
 f - 6 meat rations
 v - 7 fruits
 z - a slice of pizza
 D - a beef jerky


   Skills:
 + Level 5.5(4.5) Fighting
 - Level 2.4(1.4) Dodging
 - Level 1.1(0.2) Stealth
 * Level 9.5(8.4) Unarmed Combat


You had 7 spell levels left.
You didn't know any spells.

Dungeon Overview and Level Annotations

Branches:
Dungeon (6/15)
 Temple: D:4-7

Altars:
Elyvilon
Makhleb
Ru
Trog
Vehumet
Yredelemnul
Zin
The Shining One


Innate Abilities, Weirdness & Mutations

You are too large for most types of armour.
You have claws for hands.
Your metabolism is lightning-fast.
You like to eat raw meat.
You heal very quickly.
You are covered in fur (AC +1).
You have very tough skin (AC +2).


Message History

The wight hits you with a spear of freezing.
* * * LOW HITPOINT WARNING * * *
You feel drained.
* * * LOW HITPOINT WARNING * * *
The wight freezes you.
* * * LOW HITPOINT WARNING * * *
The wight hits you from afar with a spear of freezing!
* * * LOW HITPOINT WARNING * * *
You feel drained.
* * * LOW HITPOINT WARNING * * *
The wight freezes you.
* * * LOW HITPOINT WARNING * * *
You claw the wight!
The wight is severely damaged.
The wight hits you with an enchanted scimitar.
* * * LOW HITPOINT WARNING * * *
You scratch the wight.
The wight is almost destroyed.
The wight hits you with an enchanted scimitar!
You die...

.......# .......#
.......# .......#
.....<.# ##.##z## #.##.#
#.##.################..
#.##........z.z@........
#.###################...
#.# #.# #.# ###########
#.# #.# #....z....# #.#
#.# #.#######.# #.#
#.#######[# #...# #.#
##....z....# #...# ##.##
...#########
#.(z###...#####


You could see 2 wights.

Vanquished Creatures
  Prince Ribbit (D:6)
  An orc warrior (D:5)
  A black bear (D:6)
  2 ogres
  A phantom (D:4)
  4 big kobolds (Sewer)
  2 scorpions
  An electric eel (D:6)
  A hound (D:4)
  A centaur skeleton (D:4)
  2 iguanas
  A worker ant (D:5)
  6 adders
  4 river rats
  A shadow imp (D:5)
  6 oozes
  An adder skeleton (D:5)
  5 worms
  18 orcs
  6 bats
  5 giant cockroaches
  8 hobgoblins
  4 jackals (D:6)
  A quokka (D:5)
  5 ball pythons
  2 giant geckos
  5 goblins
  18 kobolds
  23 rats
136 creatures vanquished.

Notes
Turn   | Place    | Note
--------------------------------------------------------------
     0 | D:1      | urechis the Troll Monk began the quest for the Orb.
     0 | D:1      | Reached XP level 1. HP: 22/22 MP: 0/0
   482 | D:1      | Reached XP level 2. HP: 29/29 MP: 1/1
   967 | D:2      | Found a radiant altar of Vehumet.
   968 | D:2      | Found a sacrificial altar of Ru.
   997 | D:2      | Found a bloodstained altar of Trog.
  1107 | D:2      | Reached XP level 3. HP: 33/36 MP: 2/2
  1412 | D:3      | Found a glowing drain.
  1422 | D:3      | Reached skill level 5 in Unarmed Combat
  1502 | Sewer    | Entered a sewer
  1519 | Sewer    | Noticed a big kobold
  1532 | Sewer    | Killed a big kobold
  1532 | Sewer    | Reached XP level 4. HP: 40/45 MP: 3/3
  1594 | Sewer    | Reached XP level 5. HP: 53/53 MP: 4/4
  1652 | Sewer    | Noticed a big kobold
  1668 | Sewer    | Killed a big kobold
  1668 | Sewer    | Reached skill level 6 in Unarmed Combat
  1679 | Sewer    | Noticed a big kobold
  1692 | Sewer    | Killed a big kobold
  1692 | Sewer    | Reached XP level 6. HP: 37/62 MP: 5/5
  1803 | Sewer    | Noticed a big kobold
  1810 | Sewer    | Killed a big kobold
  2054 | D:3      | Reached skill level 7 in Unarmed Combat
  2411 | D:3      | Reached XP level 7. HP: 70/70 MP: 6/6
  2499 | D:3      | Found a burning altar of Makhleb.
  2504 | D:3      | Found a glowing silver altar of Zin.
  2504 | D:3      | Noticed a balrug
  2504 | D:3      | Noticed an angel
  2561 | D:3      | Found a basalt altar of Yredelemnul.
  2745 | D:4      | Found a white marble altar of Elyvilon.
  2979 | D:4      | Reached skill level 8 in Unarmed Combat
  3138 | D:5      | Entered Level 5 of the Dungeon
  3282 | D:5      | Found a glowing golden altar of the Shining One.
  3432 | D:5      | Found a white marble altar of Elyvilon.
  3648 | D:5      | Reached skill level 5 in Fighting
  3669 | D:5      | Reached XP level 8. HP: 65/80 MP: 7/7
  3932 | D:6      | Got a warped robe
  3954 | D:6      | Identified the cursed +0 robe "Coriomal" {Str+4} (You found it on level 6 of the Dungeon)
  3975 | D:6      | Reached skill level 9 in Unarmed Combat
  4062 | D:6      | Noticed Prince Ribbit
  4072 | D:6      | Killed Prince Ribbit
  4187 | D:6      | Slain by a wight

Vault maps used:
D:1:      dpeg_arrival_central
D:2:      lemuel_crystal_altar, gammafunk_temple_overflow_statue,
          minmay_misc_feat_secret_circle, nicolae_underground_beach
D:3:      grunt_temple_overflow_order_and_chaos_2,
          nicolae_overflow_hidden_temple, portal_sewer_entry_b
D:4:      kennysheep_mini
D:5:      nicolae_tso_carved_into_rock, first_bread, elyvilon_altar_1
D:6:      serial_bayou_ford_a, uniq_prince_ribbit1, uniq_blork_the_orc
Sewer:    sewer_co_tree

Action                   |  1- 3 |  4- 6 |  7- 9 || total
-------------------------+-------+-------+-------++-------
Melee: Unarmed           |    81 |   129 |   146 ||   356
Throw: Tomahawk          |       |       |     6 ||     6
 Stab: Sleeping          |     2 |     1 |     2 ||     5
  Eat: Chunk             |    15 |    11 |    16 ||    42
       Royal jelly       |     1 |       |       ||     1
